[Event "Titled Tuesday Blitz May 03 Late 2022"]
[White "Adewumi, Tanitoluwa"]
[Black "Sarana, Alexey"]
[WhiteFideId "30966396"]
[BlackFideId "24133795"]
[WhiteElo "2523"]
[BlackElo "2666"]
[Result "0-1"]
[Round "01"]
[TimeControl "180+1"]
[Date "2022.05.03"]
[WhiteClock "0:00:20"]
[BlackClock "0:01:47"]

1. e4 c5 2. Nf3 d6 3. Bb5+ Nd7 4. c3 Nf6 5. Bd3 Ne5 6. Be2 Nxf3+ 7. Bxf3 e5 8. d4 Be7 9. O-O O-O 10. dxe5 dxe5 11. c4 Be6 12. b3 Nd7 13. Nc3 Nb8 14. Nd5 Nc6 15. Bg4 Nd4 16. Be3 Bg5 17. f4 exf4 18. Bxd4 cxd4 19. Be2 Bxd5 20. exd5 Qf6 21. Bd3 Rfe8 22. Qg4 Re3 23. Rf3 g6 24. Raf1 h5 25. Qd7 Qe7 26. Qxe7 Rxe7 27. g3 fxg3 28. hxg3 f5 29. d6 Re5 30. b4 b6 31. Rf4 Rd8 32. c5 bxc5 33. bxc5 Rxc5 0-1


[Site "https://www.chess.com"]

[Event "Titled Tuesday Blitz May 03 Late 2022"]
[White "Akrakan"]
[Black "Zhurbinsky, David"]
[BlackFideId "2072904"]
[WhiteElo "2151"]
[BlackElo "2562"]
[Result "0-1"]
[Round "01"]
[TimeControl "180+1"]
[Date "2022.05.03"]
[WhiteClock "0:01:57"]
[BlackClock "0:01:18"]

1. e4 e5 2. Nf3 Nc6 3. Bc4 Bc5 4. O-O d6 5. b4 Bb6 6. b5 Nd4 7. c3 Nxf3+ 8. Qxf3 Nf6 9. h3 Qe7 10. d3 h6 11. Re1 Bd7 12. Nd2 g5 13. Nf1 g4 14. hxg4 Bxg4 15. Qg3 Rg8 16. Qh4 Bf3 17. Ng3 Rg4 18. Qh3 Nh5 19. Be3 Bxe3 20. fxe3 Rxg3 21. Qf5 Rxg2+ 22. Kh1 Ng3# 0-1


[Site "https://www.chess.com"]

[Event "Titled Tuesday Blitz May 03 Late 2022"]
[White "Ambartsumova, Karina"]
[Black "Winkels, Marcel"]
[WhiteFideId "4166299"]
[BlackFideId "1003887"]
[WhiteElo "2262"]
[BlackElo "1900"]
[Result "1-0"]
[Round "01"]
[TimeControl "180+1"]
[Date "2022.05.03"]
[WhiteClock "0:01:11"]
[BlackClock "0:00:14"]

1. Nf3 Nf6 2. c4 c5 3. Nc3 b6 4. g3 Bb7 5. Bg2 g6 6. O-O Bg7 7. b3 Ne4 8. Bb2 Nxc3 9. Bxc3 Bxc3 10. dxc3 O-O 11. Qd2 d6 12. Qh6 f6 13. Ng5 fxg5 14. Bxb7 Nd7 15. Bxa8 Qxa8 16. Qxg5 Nf6 17. Rad1 Qe4 18. Qf4 Qc2 19. Qd2 Qe4 20. f3 Qc6 21. e4 Kg7 22. Qe3 Qc7 23. Rfe1 a6 24. e5 dxe5 25. Qxe5 Qxe5 26. Rxe5 Rf7 27. Re6 b5 28. Rxa6 bxc4 29. bxc4 Ne8 30. Kg2 Nd6 31. Ra7 Nxc4 32. Re1 Kf8 33. a4 Nd2 34. a5 Nxf3 35. Rf1 Ne5 36. Ra8+ Kg7 37. Rxf7+ Kxf7 38. a6 Ke6 39. a7 Nc6 40. Kf3 Ke5 41. Ke3 e6 42. Kd3 g5 43. Kc4 1-0


[Site "https://www.chess.com"]

[Event "Titled Tuesday Blitz May 03 Late 2022"]
[White "Ansh M Shah"]
[Black "Wieczorek, Oskar"]
[WhiteFideId "25033379"]
[BlackFideId "1133950"]
[WhiteElo "1819"]
[BlackElo "2319"]
[Result "1/2-1/2"]
[Round "01"]
[TimeControl "180+1"]
[Date "2022.05.03"]
[WhiteClock "0:01:15"]
[BlackClock "0:00:19"]

1. d4 Nf6 2. c4 c5 3. Nf3 cxd4 4. Nxd4 Nc6 5. Nxc6 bxc6 6. g3 g6 7. Bg2 Bg7 8. O-O O-O 9. Nc3 Rb8 10. Qc2 c5 11. b3 d6 12. Bb2 Bb7 13. Bxb7 Rxb7 14. Rac1 Qd7 15. Rfd1 Qc6 16. Nd5 Nxd5 17. Bxg7 Ne3 18. fxe3 Kxg7 19. e4 f6 20. Rd5 a5 21. Rf1 a4 22. bxa4 Ra8 23. g4 Qxa4 24. Qd3 Qa3 25. g5 fxg5 26. Qd2 h6 27. e5 Rb2 28. Qe1 Qe3+ 29. Qf2 Rxe2 30. Qxe3 Rxe3 31. exd6 exd6 32. Rxd6 Rf8 33. Rxf8 Kxf8 34. Rxg6 Rh3 35. a4 Kf7 36. Rc6 Ra3 37. Ra6 Rc3 38. Rxh6 Rxc4 39. Ra6 Rb4 40. Ra8 c4 41. a5 c3 42. Rc8 Ra4 43. Rc5 Kg6 44. Rxc3 Rxa5 45. Kg2 Kh5 46. h3 Ra4 47. Kg3 Rd4 48. Ra3 Rc4 49. Rf3 Kg6 50. Re3 Rb4 51. Rd3 Ra4 52. Rc3 Rb4 53. Ra3 Rc4 54. Rd3 Rb4 55. Rf3 Rc4 56. Ra3 Rb4 57. Ra6+ Kh5 58. Ra3 Rc4 59. Rb3 Rd4 60. Rc3 Re4 61. Rf3 Ra4 62. Rc3 Rb4 63. Ra3 Rc4 1/2-1/2


[Site "https://www.chess.com"]

[Event "Titled Tuesday Blitz May 03 Late 2022"]
[White "Baches Garcia, Guillermo"]
[Black "Vasquez Schroeder, Rodrigo"]
[WhiteFideId "2209764"]
[BlackFideId "3400042"]
[WhiteElo "2486"]
[BlackElo "2561"]
[Result "0-1"]
[Round "01"]
[TimeControl "180+1"]
[Date "2022.05.03"]
[WhiteClock "0:00:02"]
[BlackClock "0:00:14"]

1. e4 c5 2. Nf3 d6 3. d4 cxd4 4. Nxd4 Nf6 5. Nc3 a6 6. Bd3 Nc6 7. Nxc6 bxc6 8. b3 g6 9. Bb2 Bg7 10. O-O Nd7 11. Na4 Bxb2 12. Nxb2 O-O 13. c4 Nc5 14. Qd2 e5 15. Nd1 Ne6 16. Ne3 c5 17. Be2 Bb7 18. f3 Qg5 19. Rad1 Nd4 20. Nc2 Qxd2 21. Rxd2 Kg7 22. Bd3 Rae8 23. g4 f6 24. Nxd4 exd4 25. Kg2 a5 26. Kg3 Bc6 27. h4 Re7 28. h5 g5 29. a4 Rb8 30. Bc2 h6 31. Rd3 Reb7 32. Kf2 Kf7 33. Ke2 Ke6 34. Kd2 Ke5 35. Ke2 Kf4 36. Kf2 Rb4 37. Ra1 Rg8 38. Re1 Rgb8 39. Ra1 Re8 40. Re1 Re7 41. Re2 f5 42. exf5 Rxe2+ 43. Kxe2 d5 44. cxd5 Bxd5 45. Kf2 Rb7 46. Bd1 Ke5 47. Bc2 c4 48. bxc4 Bxc4 49. Rd2 Rb2 50. Ke1 Ra2 51. Bd1 Ra1 52. Kf2 Ra3 53. Be2 d3 54. Bd1 Kd4 55. f6 Ke5 56. Rb2 Kxf6 57. Rb6+ Ke5 58. Rxh6 Ra1 59. f4+ gxf4 60. Bf3 d2 61. Rh8 d1=Q 62. Bxd1 Rxd1 63. h6 Kf6 64. h7 Kg7 65. Rc8 Rf1+ 66. Kg2 f3+ 67. Kg3 Rg1+ 68. Kf2 Rg2+ 69. Kxf3 Bd5+ 70. Kf4 Kxh7 71. Rc5 Bb3 72. Rxa5 Bd1 73. Kg5 Rxg4+ 74. Kf6 Rd4 75. Rg5 Bxa4 0-1


[Site "https://www.chess.com"]

[Event "Titled Tuesday Blitz May 03 Late 2022"]
[White "Barria Zuniga, Daniel"]
[Black "Keller, Peter"]
[WhiteFideId "3400816"]
[BlackFideId "1272105"]
[WhiteElo "2414"]
[BlackElo "2275"]
[Result "1-0"]
[Round "01"]
[TimeControl "180+1"]
[Date "2022.05.03"]
[WhiteClock "0:01:08"]
[BlackClock "0:00:01"]

1. c4 e5 2. g3 Nf6 3. Bg2 c6 4. Nh3 d5 5. cxd5 cxd5 6. d4 exd4 7. O-O Nc6 8. Bg5 Be7 9. Nf4 Be6 10. Nd2 O-O 11. Nb3 h6 12. Bxf6 Bxf6 13. Nc5 Qe7 14. Rc1 Rfd8 15. Qb3 Rab8 16. Bxd5 Na5 17. Qf3 Bc8 18. b4 Nc6 19. a3 Ne5 20. Qb3 g5 21. Nh5 Bh8 22. f4 Bg4 23. fxe5 Bxh5 24. e6 Rf8 25. Nd7 fxe6 26. Bxe6+ Kg7 27. Nxb8 Rxb8 28. Qd5 Bg6 29. Qe5+ Kh7 30. Bg8+ 1-0


[Site "https://www.chess.com"]

[Event "Titled Tuesday Blitz May 03 Late 2022"]
[White "Bernal Moro, Luis Javier"]
[Black "Issani, Nameer"]
[WhiteFideId "2200236"]
[BlackFideId "2619130"]
[WhiteElo "2373"]
[BlackElo "2705"]
[Result "0-1"]
[Round "01"]
[TimeControl "180+1"]
[Date "2022.05.03"]
[WhiteClock "0:00:04"]
[BlackClock "0:00:33"]

1. c4 Nf6 2. Nc3 e5 3. Nf3 Nc6 4. e3 Bb4 5. Qc2 O-O 6. Nd5 Bc5 7. a3 a5 8. b3 d6 9. Bd3 h6 10. Nxf6+ Qxf6 11. Be4 Ne7 12. Bb2 Qe6 13. d4 exd4 14. Nxd4 Bxd4 15. Bxd4 f5 16. Bf3 c6 17. O-O Ng6 18. g3 Ne5 19. Bg2 a4 20. Rfc1 axb3 21. Qxb3 Qf7 22. f4 Ng4 23. e4 fxe4 24. Bxe4 Qh5 25. Qb2 Rf7 26. Re1 Bf5 27. Bf3 Qg6 28. Rad1 h5 29. Bb6 h4 30. h3 Nh6 31. g4 Bxg4 32. hxg4 Rxf4 33. Qg2 Raf8 34. Be4 Qf7 35. Rxd6 Rxg4 36. Rg6 Rxg2+ 37. Rxg2 h3 38. Rh2 Qh5 0-1


[Site "https://www.chess.com"]

[Event "Titled Tuesday Blitz May 03 Late 2022"]
[White "Bortnyk, Olexandr"]
[Black "Zivkovic, Nemanja"]
[WhiteFideId "14120828"]
[BlackFideId "942154"]
[WhiteElo "2723"]
[BlackElo "2364"]
[Result "1-0"]
[Round "01"]
[TimeControl "180+1"]
[Date "2022.05.03"]
[WhiteClock "0:00:07"]
[BlackClock "0:00:07"]

1. d4 Nf6 2. Nc3 d6 3. e4 e5 4. Nf3 Nbd7 5. Rg1 g6 6. g4 h6 7. Be3 c6 8. Qd2 Qe7 9. O-O-O Bg7 10. a3 a6 11. Bc4 b5 12. Ba2 Bb7 13. dxe5 dxe5 14. g5 hxg5 15. Nxg5 Rf8 16. f4 O-O-O 17. Qf2 Bh6 18. Kb1 Nh5 19. f5 Nf4 20. Bxf4 exf4 21. Qxf4 Ne5 22. f6 Rxd1+ 23. Rxd1 Qc7 24. Qh4 Bxg5 25. Qxg5 Kb8 26. Qh6 Rd8 27. Rxd8+ Qxd8 28. Qg7 Qe8 29. h4 Bc8 30. Ne2 Be6 31. Bxe6 Qxe6 32. Qf8+ Kc7 33. Qg7 Nd7 34. h5 gxh5 35. Qg3+ Qd6 36. Nf4 Nxf6 37. e5 Qd1+ 38. Ka2 Ne4 39. Qh2 Nd2 40. a4 b4 41. Nd5+ cxd5 42. e6+ Kd8 43. Qd6+ Kc8 44. Qd7+ Kb8 45. Qd8+ Kb7 46. Qxd5+ Kb8 47. Qd6+ Kb7 48. Qxb4+ Kc7 49. Qc5+ Kb7 50. Qd5+ Kc7 51. Qe5+ Kc6 52. exf7 Qb1+ 53. Ka3 Nc4+ 54. Kb3 Nxe5 55. f8=Q Qe1 56. Qa8+ Kd6 57. Qxa6+ Nc6 58. Qd3+ Kc7 59. Qh7+ Kb6 60. Qxh5 Qb4+ 61. Ka2 Qxa4+ 62. Kb1 Nb4 63. Qh6+ Ka5 64. Qg5+ Kb6 65. Qe3+ Kb5 66. Qe8+ Ka5 67. Qa8+ Kb5 68. c4+ Kb6 69. Qxa4 Kc5 70. Qb5+ 1-0


[Site "https://www.chess.com"]

[Event "Titled Tuesday Blitz May 03 Late 2022"]
[White "Brahami, Lamine"]
[Black "Stearman, Josiah"]
[WhiteFideId "7905637"]
[BlackFideId "2062496"]
[WhiteElo "1937"]
[BlackElo "2402"]
[Result "0-1"]
[Round "01"]
[TimeControl "180+1"]
[Date "2022.05.03"]
[WhiteClock "0:01:43"]
[BlackClock "0:01:42"]

1. d4 d5 2. c4 c6 3. Nc3 Nf6 4. cxd5 cxd5 5. Qc2 Nc6 6. Nf3 Bg4 7. Ne5 Bh5 8. Nxc6 bxc6 9. Bg5 e6 10. e3 Be7 11. Bd3 h6 12. Bh4 O-O 13. O-O Rc8 14. Na4 Nd7 15. Bg3 Qa5 16. a3 c5 17. dxc5 Nxc5 18. Nxc5 Rxc5 19. Qd1 Bxd1 0-1


[Site "https://www.chess.com"]

[Event "Titled Tuesday Blitz May 03 Late 2022"]
[White "Cabarkapa, Novak"]
[Black "Senthilkumar, Pranav"]
[WhiteFideId "943746"]
[BlackFideId "2083477"]
[WhiteElo "2443"]
[BlackElo "2460"]
[Result "1-0"]
[Round "01"]
[TimeControl "180+1"]
[Date "2022.05.03"]
[WhiteClock "0:01:36"]
[BlackClock "0:02:02"]

1. d4 Nf6 2. Nc3 d5 3. Bf4 g6 4. e3 Bg7 5. h4 h5 6. Nf3 O-O 7. Ne5 c5 8. Qd2 cxd4 9. exd4 Nc6 10. f3 Bf5 11. Bb5 Nb4 12. Ba4 Qa5 13. a3 Nc6 14. Bxc6 bxc6 15. Nxc6 Qb6 16. Nxe7+ Kh8 17. Nxf5 gxf5 18. O-O-O Rab8 19. Bxb8 Rxb8 20. b3 Qa5 21. Nb1 Qa6 22. Qd3 Qa5 23. Kb2 Nd7 24. Ka2 Nc5 25. dxc5 Qxc5 26. Rhe1 a5 27. Re2 a4 28. b4 Rxb4 29. Re8+ Kh7 30. axb4 Qxb4 31. Qxf5+ Kh6 32. Qg5+ Kh7 33. Qxh5+ Bh6 34. Qxf7+ Bg7 35. Qh5+ Bh6 36. Qxd5 Bg7 37. Qh5+ 1-0


[Site "https://www.chess.com"]

[Event "Titled Tuesday Blitz May 03 Late 2022"]
[White "Czopor, Maciej"]
[Black "Melaugh, Shane"]
[WhiteFideId "21805431"]
[BlackFideId "2509580"]
[WhiteElo "1999"]
[BlackElo "1972"]
[Result "0-1"]
[Round "01"]
[TimeControl "180+1"]
[Date "2022.05.03"]
[WhiteClock "0:00:15"]
[BlackClock "0:00:09"]

1. d4 e6 2. c4 f5 3. h3 Nf6 4. Nc3 b6 5. Nf3 Bb7 6. Rg1 d5 7. g4 g6 8. cxd5 Nxd5 9. gxf5 exf5 10. Ne5 Nxc3 11. bxc3 Bd6 12. Bg5 Be7 13. Qa4+ Nd7 14. Bh6 Bd6 15. e3 Bxe5 16. dxe5 Qe7 17. Bb5 O-O-O 18. f4 Qc5 19. Kf2 Qd5 20. Rg3 Nc5 21. Qd4 Ne4+ 22. Kg2 Nxg3+ 23. Qxd5 Rxd5 24. Kxg3 Rxb5 25. c4 Rc5 26. Rd1 Rd8 27. Rc1 Rd3 28. Bg5 Kd7 29. Bf6 Ke6 30. Kh4 b5 31. Kg5 Rxc4 32. Rb1 a6 33. Kh6 Rxe3 34. Kxh7 Rxh3+ 35. Kxg6 Rcc3 36. Kg7 Rcg3+ 37. Kf8 Rh7 0-1


[Site "https://www.chess.com"]

[Event "Titled Tuesday Blitz May 03 Late 2022"]
[White "Demchenko, Anton"]
[Black "Bibasa, Bob"]
[WhiteFideId "4160258"]
[BlackFideId "10000240"]
[WhiteElo "2539"]
[BlackElo "2056"]
[Result "1/2-1/2"]
[Round "01"]
[TimeControl "180+1"]
[Date "2022.05.03"]
[WhiteClock "0:00:06"]
[BlackClock "0:00:18"]

1. e4 c5 2. Nf3 d6 3. d4 cxd4 4. Qxd4 a6 5. Be2 Nc6 6. Qe3 Bg4 7. O-O Nf6 8. Rd1 g6 9. e5 Bxf3 10. Bxf3 Nxe5 11. Bxb7 Rb8 12. Bxa6 Bg7 13. Nc3 O-O 14. a4 Nfg4 15. Qe2 Qb6 16. Bb5 Rfc8 17. h3 Nf6 18. Be3 Qb7 19. Ra3 Ne4 20. Nxe4 Qxe4 21. c3 Nc4 22. Bxc4 Rxc4 23. a5 Ra4 24. Rxa4 Qxa4 25. Bb6 Be5 26. g3 h5 27. h4 Rc8 28. Rd2 Rc4 29. Qf3 Kg7 30. Kg2 e6 31. Re2 Bf6 32. Qd3 d5 33. Qf3 Qa1 34. Rd2 Qc1 35. Qd1 Qxd1 36. Rxd1 Ra4 37. Kf3 Kf8 38. Ke3 Ke8 39. Kd3 Kd7 40. Kc2 Kc6 41. Kb3 Rc4 42. Ra1 Kb7 43. Be3 Ka6 44. Ra4 Rc6 45. Kc2 Bd8 46. Kd3 Kb5 47. Rb4+ Kxa5 48. Rb8 Bb6 49. Ra8+ Kb5 50. Bxb6 Rxb6 51. Ra7 f6 52. Rg7 Kc5 53. b4+ Kd6 54. Rxg6 Ke5 55. Rh6 Ra6 56. Rxh5+ f5 57. Rh6 Ra2 58. f4+ Kd6 59. Rg6 Ke7 60. h5 Kf7 61. Rg5 Rh2 62. Kd4 Kf6 63. b5 Rb2 64. Kc5 Rb3 65. b6 Rxc3+ 66. Kb5 Rb3+ 67. Kc5 d4 68. Kxd4 Rxb6 69. Rg6+ Kf7 70. Rh6 Rb4+ 71. Kc5 Rb3 72. Rg6 Rc3+ 73. Kd6 Rd3+ 74. Kc6 Rd2 75. Rg5 Rd3 76. Kc5 Kf6 77. Kc4 Rd5 78. Rg8 Kf7 79. Rg6 Rd1 80. Kc3 Rd5 81. Rg5 Kf6 82. h6 Rd7 83. Kc4 Rh7 84. Rh5 Kg6 85. Rh4 Rxh6 86. Rxh6+ Kxh6 87. Kd4 Kg6 88. Ke5 Kf7 89. Kd6 Kf6 90. Kc5 Ke7 91. Kc4 Kd6 92. Kd4 Kd7 93. Ke5 Ke7 94. Kd4 Kf6 95. Kd3 Ke7 96. Ke3 Kf6 97. Kd4 Ke7 98. Kc5 Kf6 99. Kd4 Ke7 100. Ke5 Kf7 101. Kd4 Ke7 1/2-1/2


[Site "https://www.chess.com"]

[Event "Titled Tuesday Blitz May 03 Late 2022"]
[White "Derraugh, Geordie"]
[Black "Zakhartsov, Vladimir"]
[WhiteFideId "2603950"]
[BlackFideId "4145097"]
[WhiteElo "2116"]
[BlackElo "2491"]
[Result "1/2-1/2"]
[Round "01"]
[TimeControl "180+1"]
[Date "2022.05.03"]
[WhiteClock "0:00:05"]
[BlackClock "0:00:05"]

1. e4 c5 2. c3 d5 3. exd5 Qxd5 4. Nf3 Bf5 5. d4 cxd4 6. cxd4 Bxb1 7. Rxb1 Nc6 8. Be3 e6 9. a3 Nf6 10. Bd3 Be7 11. O-O O-O 12. Re1 Rfd8 13. Bc2 Rac8 14. Qd3 g6 15. b4 Bf8 16. Bb3 Qd7 17. Rbd1 Nd5 18. Bg5 Re8 19. Ne5 Qd6 20. Qh3 Bg7 21. Ng4 Nxd4 22. Bxd5 exd5 23. Nh6+ Bxh6 24. Bxh6 Nf5 25. Bc1 Rxe1+ 26. Rxe1 Qe5 27. Bd2 Qd4 28. Bg5 Qc3 29. Qxc3 Rxc3 30. Bf6 Rc8 31. g4 Nd6 32. Re7 a6 33. Rd7 Nc4 34. a4 Nb6 35. Rxb7 Nxa4 36. Ra7 Nb6 37. Rxa6 Nd7 38. Bd4 Nf8 39. Rd6 Ne6 40. Rxd5 Rc4 41. Bf6 Rxg4+ 42. Kf1 Rxb4 43. Ra5 Rb8 44. h4 h5 45. Kg2 Re8 46. Kg3 Nf8 47. Ra7 Nh7 48. Bc3 Nf8 49. Kf4 Ne6+ 50. Kg3 Nc5 51. Ba1 Ne4+ 52. Kf3 Nd6 53. Bf6 Nf5 54. Bg5 Kg7 55. Kf4 Re6 56. f3 Rc6 57. Ke4 Rc4+ 58. Ke5 Rc5+ 59. Ke4 Rc6 60. Ke5 Re6+ 61. Kd5 Re2 62. Ra6 Re8 63. Bf6+ Kg8 64. Bg5 Ng7 65. Bf6 Ne6 66. Ra7 Nf8 67. Bg5 Nh7 68. Bf4 Nf6+ 69. Kd4 Nh7 70. Be5 Kf8 71. Bf4 Nf6 72. Bh6+ Kg8 73. Bg5 Nh7 74. Bh6 Nf8 75. Bg5 Ne6+ 76. Kd5 Nxg5 77. hxg5 Kg7 78. Kd4 Re1 79. Ra2 Kf8 80. f4 Ke7 81. Ra7+ Ke6 82. Ra6+ Kf5 83. Rf6+ Kg4 84. Rxf7 h4 85. Kd3 h3 86. Kd2 Re8 87. Rh7 Re4 88. Rh6 Re6 89. Kd3 Re8 90. Rxg6 h2 91. Rh6 Kg3 92. g6 Rg8 93. f5 Kf4 94. f6 Kg5 95. Rxh2 Kxf6 96. Rf2+ Kg7 97. Rg2 Rf8 98. Ke4 Rf6 99. Ke5 Rxg6 100. Rxg6+ Kxg6 1/2-1/2


[Site "https://www.chess.com"]

[Event "Titled Tuesday Blitz May 03 Late 2022"]
[White "Dubov, Daniil"]
[Black "Golubev, Mikhail"]
[WhiteFideId "24126055"]
[BlackFideId "14100983"]
[WhiteElo "2791"]
[BlackElo "2374"]
[Result "1-0"]
[Round "01"]
[TimeControl "180+1"]
[Date "2022.05.03"]
[WhiteClock "0:01:54"]
[BlackClock "0:00:12"]

1. d4 Nf6 2. Nf3 d6 3. c4 g6 4. Nc3 Bg7 5. Bg5 O-O 6. e3 c5 7. d5 b5 8. cxb5 a6 9. a4 Qa5 10. Nd2 Qb4 11. Ra3 axb5 12. Bxb5 Ba6 13. Rb3 Qa5 14. Nc4 Qc7 15. O-O Nbd7 16. Qe2 Bb7 17. e4 h6 18. Bh4 g5 19. Bg3 h5 20. h4 g4 21. Rd1 1-0


[Site "https://www.chess.com"]

[Event "Titled Tuesday Blitz May 03 Late 2022"]
[White "Ezat, Mohamed"]
[Black "Stojanovski, Sandi"]
[WhiteFideId "10600906"]
[BlackFideId "1403249"]
[WhiteElo "2386"]
[BlackElo "2286"]
[Result "1-0"]
[Round "01"]
[TimeControl "180+1"]
[Date "2022.05.03"]
[WhiteClock "0:01:04"]
[BlackClock "0:00:02"]

1. d4 d5 2. c4 e6 3. Nc3 Bb4 4. e3 Nf6 5. a3 Bxc3+ 6. bxc3 c5 7. cxd5 exd5 8. Bd3 O-O 9. f3 b6 10. Ne2 Ba6 11. O-O Bxd3 12. Qxd3 Nc6 13. e4 dxe4 14. fxe4 Ne5 15. Qg3 Ng6 16. Qf3 cxd4 17. cxd4 Rc8 18. Bg5 h6 19. Bxf6 Qxf6 20. Qxf6 gxf6 21. Rxf6 Rc2 22. Ng3 Nh4 23. Rf2 Rfc8 24. Re1 R8c3 25. d5 Rxf2 26. Kxf2 Rxa3 27. Rd1 Ra2+ 28. Ne2 Kf8 29. g3 Ng6 30. Ke3 Ke7 31. Nd4 Ra3+ 32. Kf2 Ne5 33. Nf5+ Kd7 34. Nxh6 b5 35. Nf5 b4 36. Nd4 a5 37. h4 Ra2+ 38. Ke3 a4 39. h5 b3 40. h6 Ng4+ 41. Kf4 Nxh6 42. e5 b2 43. e6+ Kd6 44. Nb5+ Ke7 45. d6+ Kxe6 46. d7 Ra1 47. d8=Q b1=Q 48. Qd6# 1-0


[Site "https://www.chess.com"]

[Event "Titled Tuesday Blitz May 03 Late 2022"]
[White "Fedoseev, Vladimir"]
[Black "Reprintsev, Alexander"]
[WhiteFideId "24130737"]
[BlackFideId "14100541"]
[WhiteElo "2726"]
[BlackElo "2108"]
[Result "1-0"]
[Round "01"]
[TimeControl "180+1"]
[Date "2022.05.03"]
[WhiteClock "0:01:06"]
[BlackClock "0:01:41"]

1. e4 d5 2. exd5 Qxd5 3. Nf3 Bg4 4. Be2 Nc6 5. Nc3 Qd7 6. d4 e6 7. h3 Bxf3 8. Bxf3 O-O-O 9. Bxc6 Qxc6 10. O-O Bb4 11. Ne2 e5 12. c3 Bc5 13. Qb3 exd4 14. cxd4 Bxd4 15. Nxd4 Rxd4 16. Qxf7 Qf6 17. Qe8+ Rd8 18. Qa4 a6 19. Qg4+ Rd7 20. Bg5 Nh6 21. Qxd7+ Kxd7 22. Bxf6 gxf6 23. Rad1+ Kc6 24. Rfe1 1-0


[Site "https://www.chess.com"]

[Event "Titled Tuesday Blitz May 03 Late 2022"]
[White "Fernandez Hernandez, Gerardo"]
[Black "Martinez Reyes, Pedro Ramon"]
[WhiteFideId "2207400"]
[BlackFideId "3901807"]
[WhiteElo "2191"]
[BlackElo "2410"]
[Result "0-1"]
[Round "01"]
[TimeControl "180+1"]
[Date "2022.05.03"]
[WhiteClock "0:01:52"]
[BlackClock "0:02:40"]

1. e4 e6 2. d3 d5 3. Nd2 Nf6 4. Ngf3 b6 5. c3 Bb7 6. Qe2 dxe4 7. dxe4 Ba6 8. c4 Nc6 9. e5 Nd7 10. b3 Nc5 11. Bb2 Nb4 12. Bd4 Nc2+ 13. Kd1 Nxd4 0-1


[Site "https://www.chess.com"]

[Event "Titled Tuesday Blitz May 03 Late 2022"]
[White "Fernandez Siles, Luis"]
[Black "Fishbein, Alexander"]
[WhiteFideId "2209420"]
[BlackFideId "2000377"]
[WhiteElo "2212"]
[BlackElo "2442"]
[Result "0-1"]
[Round "01"]
[TimeControl "180+1"]
[Date "2022.05.03"]
[WhiteClock "0:00:25"]
[BlackClock "0:00:53"]

1. e4 c5 2. Nf3 d6 3. d4 cxd4 4. Nxd4 Nf6 5. Nc3 Nc6 6. Bg5 e6 7. Qd2 Be7 8. O-O-O O-O 9. f3 Nxd4 10. Qxd4 a6 11. Kb1 b5 12. h4 Bb7 13. Bd3 Nd7 14. Qe3 f6 15. Bf4 Ne5 16. g4 Rc8 17. Ne2 Qc7 18. Nd4 Qd7 19. h5 Nxd3 20. Qxd3 e5 21. Qb3+ d5 22. exd5 Bxd5 23. Nf5 Bxb3 24. Rxd7 Bxc2+ 25. Ka1 Bxf5 26. gxf5 exf4 27. Rxe7 Rfe8 28. Re4 Rxe4 29. fxe4 Rc4 30. Re1 f3 31. b3 f2 32. Rf1 Rxe4 33. Rxf2 Kf7 34. Rc2 h6 35. Rc7+ Kg8 36. Ra7 Re5 37. Rxa6 Rxf5 38. a4 bxa4 39. bxa4 Rxh5 40. a5 f5 41. Ra8+ Kh7 42. a6 f4 0-1


[Site "https://www.chess.com"]

[Event "Titled Tuesday Blitz May 03 Late 2022"]
[White "Ferreira, Vitor Hugo Vieira"]
[Black "Sjugirov, Sanan"]
[WhiteFideId "2119765"]
[BlackFideId "4189302"]
[WhiteElo "2165"]
[BlackElo "2602"]
[Result "1-0"]
[Round "01"]
[TimeControl "180+1"]
[Date "2022.05.03"]
[WhiteClock "0:01:28"]
[BlackClock "0:01:32"]

1. d4 Nf6 2. c4 e6 3. Nf3 c5 4. d5 exd5 5. cxd5 d6 6. Nc3 g6 7. g3 Bg7 8. Bg2 O-O 9. O-O Re8 10. Nd2 a6 11. a4 Nbd7 12. Nc4 Ne5 13. Nxe5 Rxe5 14. Bf4 Re8 15. h3 Rb8 16. Rb1 b5 17. axb5 axb5 18. b4 c4 19. e4 Nh5 20. Bd2 Bd7 21. Ne2 Ra8 22. Bc3 Bxc3 23. Nxc3 Qb6 24. Kh2 Ra3 25. Qc1 Rea8 26. g4 Nf6 27. Qf4 Qd4 28. Rbc1 Rxc3 29. Ra1 Rxa1 30. Rxa1 Rxh3+ 31. Bxh3 Qxa1 32. g5 Qe5 33. Qxe5 dxe5 34. gxf6 Bxh3 35. Kxh3 c3 36. d6 Kf8 37. d7 1-0


[Site "https://www.chess.com"]

[Event "Titled Tuesday Blitz May 03 Late 2022"]
[White "Gabrielian, Artur"]
[Black "Zherebtsova, Alexandra"]
[WhiteFideId "4131002"]
[BlackFideId "24129518"]
[WhiteElo "2440"]
[BlackElo "2025"]
[Result "1/2-1/2"]
[Round "01"]
[TimeControl "180+1"]
[Date "2022.05.03"]
[WhiteClock "0:00:40"]
[BlackClock "0:00:03"]

1. e4 e5 2. Nf3 Nc6 3. Bc4 Nf6 4. d3 h6 5. O-O d6 6. a4 g6 7. c3 Bg7 8. d4 Qe7 9. Re1 O-O 10. Nbd2 Bd7 11. Nf1 Rad8 12. Ng3 Bc8 13. h3 Kh7 14. a5 a6 15. Be3 Rfe8 16. d5 Nb8 17. Bd3 Rf8 18. b4 c6 19. c4 Nbd7 20. dxc6 bxc6 21. b5 cxb5 22. cxb5 axb5 23. Bxb5 Nc5 24. Bxc5 dxc5 25. Qc2 Bb7 26. a6 Ba8 27. Bc4 Rd6 28. Red1 Rfd8 29. Rxd6 Rxd6 30. Rb1 Rd8 31. Rd1 Ne8 32. Rxd8 Qxd8 33. Qb3 Nd6 34. Bd5 Kg8 35. Bxa8 Qxa8 36. Qd3 Bf8 37. Nxe5 c4 38. Qd5 Qxa6 39. Nxg6 c3 40. Qb3 c2 41. Qxc2 fxg6 42. e5 Nf7 43. f4 Qe6 44. Ne4 Bg7 45. Qd3 Kh7 46. Kh2 Qf5 47. Qe3 h5 48. Ng3 Qe6 49. Qe4 h4 50. Ne2 Qf5 51. Qf3 Bh6 52. Kg1 Nd8 53. Qd5 Ne6 54. Qd7+ Bg7 55. Qd2 Bh6 56. Qd7+ Bg7 57. Kh2 Nxf4 58. Qxf5 gxf5 59. Nxf4 Bxe5 60. g3 hxg3+ 61. Kxg3 Bxf4+ 62. Kxf4 Kg6 63. Kg3 Kh5 64. Kf4 Kh4 65. Kxf5 Kxh3 1/2-1/2


[Site "https://www.chess.com"]

[Event "Titled Tuesday Blitz May 03 Late 2022"]
[White "Gnechko, Ruslan"]
[Black "Fernandez, Daniel Howard"]
[WhiteFideId "14135868"]
[BlackFideId "5801605"]
[WhiteElo "2289"]
[BlackElo "2466"]
[Result "0-1"]
[Round "01"]
[TimeControl "180+1"]
[Date "2022.05.03"]
[WhiteClock "0:00:37"]
[BlackClock "0:01:08"]

1. e4 c5 2. Nf3 d6 3. d4 cxd4 4. Nxd4 Nf6 5. Nc3 a6 6. Nb3 e6 7. Bg5 b5 8. a3 Nbd7 9. Qe2 Bb7 10. O-O-O Rc8 11. Kb1 Rxc3 12. bxc3 Qc7 13. Rd3 Nxe4 14. Bd2 d5 15. f3 Nxd2+ 16. Qxd2 Bxa3 17. f4 O-O 18. h4 Nf6 19. Rhh3 Ne4 20. Qe1 Qxf4 21. Rhf3 Qe5 22. g3 Rc8 23. Rfe3 b4 24. Bg2 f5 25. Bxe4 fxe4 26. Ka2 Qc7 27. Rd4 a5 28. Qe2 a4 29. Nd2 e5 30. Rdxe4 dxe4 31. Qb5 bxc3 32. Nxe4 Bb2 0-1


[Site "https://www.chess.com"]

[Event "Titled Tuesday Blitz May 03 Late 2022"]
[White "Goltsev, Dmitry"]
[Black "Remolar Gallen, Jose"]
[WhiteFideId "24176710"]
[BlackFideId "2215187"]
[WhiteElo "2273"]
[BlackElo "2205"]
[Result "1-0"]
[Round "01"]
[TimeControl "180+1"]
[Date "2022.05.03"]
[WhiteClock "0:01:28"]
[BlackClock "0:00:03"]

1. e4 c5 2. Nf3 d6 3. d4 cxd4 4. Nxd4 Nf6 5. Nc3 a6 6. Be2 e5 7. Nb3 Be7 8. O-O O-O 9. a4 Be6 10. f4 Qc7 11. f5 Bc4 12. Bd3 Nbd7 13. Be3 Rac8 14. Nd2 Bxd3 15. cxd3 Nc5 16. Qe2 Qc6 17. g4 h6 18. h4 d5 19. g5 d4 20. gxf6 Bxf6 21. Nd5 dxe3 22. Qxe3 Bxh4 23. Kh2 Bg5 24. Qxg5 hxg5 25. Ne7+ Kh7 26. Nxc6 Rxc6 27. Nf3 f6 28. Rad1 Rd8 29. d4 Rcd6 30. Rc1 Nxe4 31. dxe5 fxe5 32. Rfe1 Rd3 33. Kg2 g4 34. Nxe5 Rd2+ 35. Kg1 Ng3 36. Rc4 Ne2+ 37. Kf2 Nd4+ 38. Kg3 Nxf5+ 39. Kxg4 Nh6+ 40. Kf3 Rxb2 41. Rc7 Rdd2 42. Rg1 Rf2+ 43. Ke4 Rg2 44. Rxg2 Rxg2 45. Rxb7 Ra2 46. Rb4 g5 47. Nd7 Kg6 48. Rb6+ Kh5 49. Rxa6 Ng4 50. Ra8 Nf2+ 51. Kf5 Kh4 52. Ne5 g4 53. Kf4 Kh3 54. a5 Ra4+ 55. Kf5 g3 56. Ng6 g2 57. Nf4+ Rxf4+ 58. Kxf4 g1=Q 59. Rh8+ Kg2 60. Rg8+ Kf1 61. Rxg1+ Kxg1 62. a6 Nd3+ 63. Kg3 1-0


[Site "https://www.chess.com"]